cohdb
Replays
Latest Replays
All Replays
Popular Replays
Top Player Replays
Match Explorer
How It Works
Community
CoH3 Stats
Reddit
Sign in to upload your games and track your stats! →
Sign in with Steam
Match 42920857
Unlisted
Match 42920857
Overview
Messages
Build Orders
End
Pioneer Squad
Construct Infanterie Kompanie
Grenadier Squad
Grenadier Squad
Grenadier Squad
Infanterie Officer Quarters
Grenadier Squad
Construct Luftwaffe Kompanie
Selects Mechanized Battlegroup
Selects Mechanized Battlegroup
Jäger Squad
221 Scout Car
Selects Raid Package
Selects StuG Assault Group
StuG Assault Group
Jäger Squad
StuG Assault Group
Pioneer Squad
Monsieur Nathan
Seiun Sky
0
0
Comments
sign in to comment!
No comments posted yet!